 Dungeon Crawl Stone Soup version 0.26-a0-778-g3fe0686644 (webtiles) character file.

Game seed: 1709348676612262693

715593 miscthings the Thanatomancer (level 27, -5/256 HPs)
             Began as a Palentonga Delver on Nov 9, 2020.
             Was an Elder of Uskayaw.
             Slain by a phantasmal warrior (22 damage)
             ... summoned by a greater mummy
             ... on level 2 of the Tomb of the Ancients.
             The game lasted 03:55:16 (67634 turns).

miscthings the Thanatomancer (Palentonga Delver)   Turns: 67634, Time: 03:55:17

Health: -5/256     AC: 42    Str: 22      XL:     27
Magic:  8/38       EV: 13    Int: 28      God:    Uskayaw [****..]
Gold:   5777       SH: 27    Dex:  8 (10) Spells: 17/48 levels left

rFire    + + +     SeeInvis +   q - +9 broad axe (freeze)
rCold    + + .     Faith    .   M - +8 tower shield {rF+}
rNeg     + + +     Spirit   .   o - +3 faerie dragon scales {rCorr Int+5 Slay-2}
rPois    ∞         Reflect  .   E - +2 hat
rElec    +         Harm     .   N - scarf {repulsion}
rCorr    +         Rampage  .   A - +2 pair of gloves
MR       ++++.                  W - +4 barding {rF+}
Stlth    ++........             B - amulet of Vecsauc {rPois rF+ Regen+}
HPRegen  0.92/turn              j - ring "Afudeis" {Wiz Int+5 Dex-5 Slay+2}
MPRegen  0.26/turn              Z - ring "Kegoavink" {rElec rN+ Str+4}

@: lich-form, very slightly contaminated, hasted, lightly drained, repel
missiles, curled up, very quick
A: large, claws 1, horns 1, rugged brown scales 3, see invisible, cold
resistance 1, deformed body, fire resistance 1, magic resistance 1, sense
surroundings 1, evolution 1, MP-powered wands, roll, armoured tail, reflexive
curl
}: 5/15 runes: decaying, slimy, silver, abyssal, gossamer
a: Rolling Charge, End Transformation, Stomp, Line Pass, Renounce Religion


You were on level 2 of the Tomb of the Ancients.
You worshipped Uskayaw.
Uskayaw was aware of your devotion.
You were a lich.
You visited 13 branches of the dungeon, and saw 59 of its levels.
You visited the Abyss 4 times.
You also visited: Sewer, Ice Cave and Volcano.

You collected 10650 gold pieces.
You spent 4873 gold pieces at shops.

Inventory:

Hand Weapons
 q - a +9 broad axe of freezing (weapon)
Armour
 o - the +3 faerie dragon scales (worn) {rCorr Int+5 Slay-2}
   (You took it off the Enchantress on level 4 of the Depths)

   It affects your intelligence (+5).
   It affects your accuracy and damage with ranged weapons and melee attacks
   (-2).
   It provides partial protection from all sources of acid and corrosion.
 A - a +2 pair of gloves (worn)
 E - a +2 hat (worn)
 M - a +8 tower shield of fire resistance (worn)
 N - a scarf of repulsion (worn)
 W - a +4 barding of fire resistance (worn)
Jewellery
 j - the ring "Afudeis" (left hand) {Wiz Int+5 Dex-5 Slay+2}
   (You found it on level 5 of the Pits of Slime)

   [ring of wizardry]

   It improves your spell success rate.
   It affects your intelligence (+5).
   It affects your dexterity (-5).
   It affects your accuracy and damage with ranged weapons and melee attacks
   (+2).
 s - the macabre finger necklace {rN+}
   (You found it on level 3 of the Elven Halls)

   [amulet of nothing]

   It protects you from negative energy.
 B - the amulet of Vecsauc (around neck) {rPois rF+ Regen+}
   (You acquired it on level 3 of the Vaults)

   [amulet of regeneration]

   It protects you from fire.
   It protects you from poison.
   It increases your rate of regeneration.
 V - an uncursed ring of protection from cold
 Z - the ring "Kegoavink" (right hand) {rElec rN+ Str+4}
   (You found it on level 3 of the Crypt)

   [ring of positive energy]

   It affects your strength (+4).
   It insulates you from electricity.
   It protects you from negative energy.
Wands
 e - a wand of disintegration (61)
 g - a wand of digging (18)
 r - a wand of acid (37)
 w - a wand of iceblast (40)
 R - a wand of paralysis (26)
 Y - a wand of enslavement (17)
Scrolls
 a - 4 scrolls of vulnerability
 c - 10 scrolls of fog
 d - 17 scrolls of magic mapping
 h - 5 scrolls of fear
 k - 5 scrolls of holy word
 y - 19 scrolls of teleportation
 C - 5 scrolls of blinking
 D - 19 scrolls of remove curse
 J - 4 scrolls of torment
 L - 8 scrolls of immolation
 O - a scroll of summoning
 S - 5 scrolls of silence
 X - 15 scrolls of identify {@r1}
Potions
 b - 6 potions of resistance
 f - 9 potions of haste
 i - 5 potions of lignification
 m - 7 potions of heal wounds
 p - 8 potions of curing
 t - 13 potions of brilliance
 u - 6 potions of attraction
 v - 4 potions of mutation
 x - 3 potions of ambrosia
 z - 5 potions of might
 F - 4 potions of magic
 G - 4 potions of invisibility
 I - 9 potions of flight
 U - 4 potions of cancellation
Miscellaneous
 n - a phantom mirror
 H - a box of beasts (inert)
 K - a condenser vane (inert)
 Q - a phial of floods
 T - a tin of tremorstones (1/2)


   Skills:
 + Level 18.7(18.0) Fighting
 - Level 16.4(17.2) Axes
   Level 13.0(15.6) Maces & Flails
 - Level 5.0(4.4) Throwing
 - Level 15.0(14.3) Armour
 - Level 15.1(14.4) Dodging
 - Level 3.3(2.8) Stealth
 - Level 15.0(14.3) Shields
 + Level 11.3(10.7) Spellcasting
 + Level 22.2(21.4) Necromancy
 - Level 13.4(12.8) Transmutations
 - Level 4.0(3.4) Earth Magic
 - Level 10.0(9.4) Invocations
 - Level 12.0(11.3) Evocations


You had 17 spell levels left.
You knew the following spells:

 Your Spells              Type           Power        Failure   Level
a - Borgnjor's Vile Clut  Necr/Erth      #######...   1%          5
c - Apportation           Tloc           ###...       1%          1
e - Infestation           Necr           ########..   1%          8
g - Death's Door          Necr           ########..   30%         9
z - Necromutation         Tmut/Necr      ########..   12%         8

Your spell library contained the following spells:

 Spells                   Type           Power        Failure   Level
 Sublimation of Blood     Necr           ########..   0%          2
 Excruciating Wounds      Necr           ########..   0%          5
 Beastly Appendage        Tmut           ######       1%          1
 Corona                   Hex            ###....      1%          1
 Foxfire                  Conj/Fire      ###.         1%          1
 Freeze                   Ice            ###.         1%          1
 Magic Dart               Conj           ###.         1%          1
 Sandblast                Erth           ####..       1%          1
 Sting                    Tmut/Pois      ####         1%          1
 Summon Small Mammal      Summ           ###.         1%          1
 Passwall                 Tmut/Erth      ######..     1%          2
 Wereblood                Tmut           ######..     1%          2
 Ignite Poison            Fire/Tmut/Pois #####...     1%          3
 Spider Form              Tmut/Pois      ######....   1%          3
 Ice Form                 Ice/Tmut       ######..     1%          4
 Petrify                  Tmut/Erth      ######..     1%          4
 Blade Hands              Tmut           ######....   1%          5
 Hydra Form               Tmut           ######....   1%          6
 Borgnjor's Revivificati  Necr           ########..   1%          8
 Call Imp                 Summ           ###.....     3%          2
 Ensorcelled Hibernation  Hex/Ice        ###...       3%          2
 Searing Ray              Conj           ###...       3%          2
 Slow                     Hex            ###.....     3%          2
 Swiftness                Air            ###.....     3%          2
 Stone Arrow              Conj/Erth      ###...       3%          3
 Alistair's Intoxication  Tmut/Pois      ######...    4%          5
 Irradiate                Conj/Tmut      ######....   4%          5
 Yara's Violent Unravell  Hex/Tmut       ######....   4%          5
 Simulacrum               Ice/Necr       #######...   4%          6
 Call Canine Familiar     Summ           ###.....     6%          3
 Confusing Touch          Hex            ###.....     6%          3
 Conjure Flame            Conj/Fire      ###.....     6%          3
 Dazzling Flash           Conj/Hex       ###...       6%          3
 Frozen Ramparts          Ice            ###...       6%          3
 Gell's Gravitas          Tloc           ###.......   6%          3
 Inner Flame              Hex/Fire       ###.....     6%          3
 Lesser Beckoning         Tloc           ###.......   6%          3
 Mephitic Cloud           Conj/Pois/Air  ###.....     6%          3
 Ozocubu's Armour         Ice            ###.....     6%          3
 Portal Projectile        Hex/Tloc       ###...       6%          3
 Static Discharge         Conj/Air       ###.....     6%          3
 Summon Guardian Golem    Hex/Summ       ###.....     6%          3
 Tukima's Dance           Hex            ###.....     6%          3
 Dragon Form              Tmut           ######....   9%          7
 Statue Form              Tmut/Erth      ######...    12%         6
 Lee's Rapid Deconstruct  Erth           ####......   13%         5
 Cause Fear               Hex            ###.......   21%         4
 Fulminant Prism          Conj/Hex       ###.......   21%         4
 Hailstorm                Conj/Ice       ###.....     21%         4
 Iskenderun's Mystic Bla  Conj/Tloc      ###.....     21%         4
 Sticky Flame             Conj/Fire      ###.....     21%         4
 Summon Ice Beast         Ice/Summ       ###.....     21%         4
 Summon Lightning Spire   Summ/Air       ###.....     21%         4
 Haunt                    Necr/Summ      #######...   21%         7
 Eringya's Noxious Bog    Tmut/Pois      ######....   22%         6
 Bolt of Magma            Conj/Fire/Erth ###.......   32%         5
 Fireball                 Conj/Fire      ###.......   45%         5
 Iskenderun's Battlesphe  Conj           ###.....     45%         5
 Lightning Bolt           Conj/Air       ###.......   45%         5
 Metabolic Englaciation   Hex/Ice        ###.......   45%         5
 Silence                  Hex/Air        ###.......   45%         5
 Summon Demon             Summ           ###.......   45%         5
 Summon Forest            Summ/Tloc      ###.......   45%         5
 Summon Mana Viper        Hex/Summ       ###.....     45%         5
 Iron Shot                Conj/Erth      ###.......   80%         6
 Conjure Ball Lightning   Conj/Air       ###.......   95%         6
 Freezing Cloud           Conj/Ice/Air   ###.......   95%         6
 Invisibility             Hex            ###.....     95%         6
 Ozocubu's Refrigeration  Ice            ###.......   95%         6
 Shadow Creatures         Summ           N/A          95%         6
 Malign Gateway           Summ/Tloc      ###.......   100%        7
 Monstrous Menagerie      Summ           ###.......   100%        7
 Orb of Destruction       Conj           ###.......   100%        7
 Spellforged Servitor     Conj/Summ      ###.......   100%        7
 Summon Greater Demon     Summ           ###.......   100%        7
 Summon Hydra             Summ           ###.......   100%        7
 Discord                  Hex            ###.......   100%        8
 Ignition                 Fire           ###.......   100%        8
 Summon Horrible Things   Summ           ###.......   100%        8
 Shatter                  Erth           ####......   100%        9
 Tornado                  Air            ###.......   100%        9


Dungeon Overview and Level Annotations

Branches:
Dungeon (15/15)            Temple (1/1) D:5            Lair (6/6) D:8
  Swamp (4/4) Lair:3       Spider (4/4) Lair:2        Slime (5/5) Lair:5
    Orc (2/2) D:9             Elf (3/3) Orc:2        Vaults (5/5) D:14
  Crypt (3/3) Vaults:2       Tomb (2/3) Crypt:3      Depths (5/5) D:15
    Zot (4/5) Depths:5      Sewer (visited)           IceCv (visited)
Volcano (visited)

Altars:
Ashenzari
Cheibriados
Dithmenos
Elyvilon
Fedhas
Gozag
Hepliaklqana
Kikubaaqudgha
Makhleb
Nemelex Xobeh
Okawaru
Qazlal
Ru
Sif Muna
Trog
Uskayaw
Vehumet
Wu Jian
Xom
Yredelemnul
Zin
The Shining One
Beogh
Jiyva

Shops:
D:4 ?   D:7 (   D:11 [   D:13 (   Orc:1 ?:   Orc:2 ([**:   Elf:2 ?}}=
Depths:5 !

Portals:
Hell: Depths:1 Depths:2 Depths:3 Depths:4 Depths:5
Abyss: D:4 Depths:3 Depths:4
Pandemonium: Depths:3 Depths:4
Ziggurat: Depths:5

Annotations:
Depths:5 1 exclusion
Abyss:1 Aizul, Khufu, Mara, Pikel, Saint Roka


Innate Abilities, Weirdness & Mutations

You are completely covered in rugged brown scales. (AC +3, +7% HP)
You have supernaturally acute eyesight. (SInv)
Armour fits poorly on your strangely shaped body.
You can roll at foes to attack.
You have a long armoured tail.
You curl defensively after being hit.
You have sharp fingernails.
You have a pair of small horns on your head.
Your flesh is cold resistant. (rC+)
Your flesh is heat resistant. (rF+)
You are resistant to hostile enchantments. (MR+)
You passively map a small area around you.
You evolve.
You expend magic power (3 MP) to strengthen your wands.


Message History

The smoke demon gestures at you. Something smites you!
* * * LOW HITPOINT WARNING * * *
Uskayaw will force your foes to share their pain.
Uskayaw links your audience in an emotional bond!
You hit the greater mummy.
The greater mummy is severely damaged.
You hit the iron dragon simulacrum but do no damage.
You slash the phantasmal warrior!
You block the iron dragon simulacrum's attack. x2
The iron dragon simulacrum tramples you but does no damage.
The mummy priest invokes the aid of its god against you.
Something smites you!
* * * LOW HITPOINT WARNING * * *
You block the greater mummy's attack. The smoke demon gestures at you.
Something smites you!
* * * LOW HITPOINT WARNING * * *
The phantasmal warrior hits you!!
You die...
Mb........

, .# *
..^B....##....#,
...MBV........# ,
..B†.Bz...s...+
..s.MsB..##M..#
..BZMBB.###...# ,
###ssB.###sM..######
#B..###.M4B.#...M#
,....##BB§sW.#WLM[#
,....s.ssBB..#§M3(#
.............##Z###
,^...........#ZMz!#
#######'#####MZZ§#
#....#^..§§§#
#^.§§#.M(☼§§# ,
+§.§§'^..§§(#
#....#s.....#


You could see a greater mummy (pain bonded), a mummy priest (pain bonded), a
skeletal warrior (pain bonded), a phantasmal warrior (summoned, pain bonded), a
spectral ghost moth (summoned), a smoke demon (summoned, pain bonded), 4
mummies, an iron dragon simulacrum (summoned, pain bonded), a dire elephant
zombie (summoned, pain bonded) and a catoblepas skeleton (summoned, pain
bonded).

Vanquished Creatures
  the Royal Jelly (Slime:5)
  The ghost of Snikeer the Hoplite, a legendary DDFi of Makhleb (Zot:4)
  4 ancient liches
  A juggernaut (Depths:3)
  2 greater mummies
  4 curse toes
  5 caustic shrikes
  Nikola (Swamp:3)
  9 golden dragons
  A profane servitor (Crypt:3)
  A bone dragon (Crypt:3)
  the Enchantress (Depths:4)
  10 tentacled monstrosities
  7 liches
  Asterion (Spider:1)
  5 quicksilver dragons
  8 titans
  7 deep elf blademasters
  22 acid blobs
  5 deep elf master archers
  3 tentacled starspawn
  8 death cobs
  2 Executioners
  3 ancient champions
  9 sphinxes
  8 tengu reavers
  14 storm dragons
  4 draconian monks
  Donald (Swamp:4)
  Agnes (D:14)
  10 shadow dragons
  A storm dragon (shapeshifter) (Depths:2)
  2 revenants (Tomb:1)
  9 azure jellies
  4 ghost moths
  2 orc warlords
  19 fire giants
  3 draconian knights
  3 iron dragons (shapeshifter)
  4 iron dragons
  14 vault wardens
  6 draconian scorchers
  An emperor scorpion (Spider:1)
  Louise (Spider:2)
  6 deep elf sorcerers
  The ghost of Frask the Warrior, a journeyman MiFi of Okawaru (Lair:6)
  14 frost giants
  5 draconian shifters
  2 curse skulls (Vaults:2)
  3 draconian annihilators
  6 draconian stormcallers
  3 deep elf elementalists
  12 ironheart preservers
  3 ghouls
  24 stone giants
  8 very ugly things
  An entropy weaver (shapeshifter) (Depths:2)
  A war gargoyle (Vaults:5)
  3 spriggan defenders (Depths:4)
  4 entropy weavers
  A bennu (Tomb:2)
  6 green draconians
  3 vampire knights
  5 black draconians
  10 deep elf annihilators
  Azrael (D:14)
  2 lorocyprocas (Depths:2)
  6 yellow draconians
  A minotaur (Lair:6)
  2 dire elephants (Lair:6)
  9 purple draconians
  A bunyip (shapeshifter) (Elf:2)
  2 deep elf demonologists
  10 spark wasps
  3 eleionomae
  7 red draconians
  10 white draconians
  3 bunyips
  An ettin (shapeshifter) (Depths:4)
  2 blizzard demons
  10 deep elf death magi
  3 crystal guardians
  12 ettins
  14 fire dragons
  7 mummy priests
  10 death oozes (Slime:5)
  15 jiangshi
  16 yaktaur captains
  15 ogre magi
  7 deep elf high priests
  2 great orbs of eyes (shapeshifter) (Abyss:3)
  10 great orbs of eyes
  5 ice dragons
  A quicksilver dragon skeleton (Crypt:1)
  9 rakshasas
  9 hydras
  9 boulder beetles
  An anaconda (shapeshifter) (Vaults:1)
  3 juggernaut simulacra (Depths:2)
  A hell beast (Depths:1)
  5 spriggan air magi (Depths:4)
  2 ghost crabs
  25 two-headed ogres
  8 centaur warriors
  2 catoblepae
  The ghost of iamoutofideas the Geomancer, a journeyman GrEE of Vehumet (D:11)
  25 vault guards (Vaults:5)
  8 death knights
  A death yak (shapeshifter) (Vaults:5)
  33 dancing weapons
  8 alligators
  A spectral draconian (Zot:4)
  4 death scarabs (Tomb:2)
  12 deep troll earth magi
  7 deep troll shamans
  The ghost of HellBreezer the Fighter, a novice OgBe of Trog (D:5)
  A spectral storm dragon (Zot:4)
  8 tengu warriors
  7 vampire magi
  Urug (D:12)
  5 death yaks (Lair:6)
  4 orc high priests
  4 soul eaters
  Sonja (D:10)
  4 sun demons
  19 thrashing horrors
  3 hell knights (Depths:2)
  8 spriggans
  A goliath frog (Swamp:3)
  4 spriggan berserkers
  20 deep elf knights
  A storm dragon zombie (Depths:3)
  A fire crab (shapeshifter) (Vaults:4)
  A titan skeleton (Tomb:1)
  A spatial maelstrom (Abyss:3)
  2 iron trolls (Depths:4)
  A salamander mystic (Depths:1)
  12 unseen horrors
  7 shadow wraiths
  A sixfirhy (Abyss:3)
  3 wretched stars
  A spriggan druid (Swamp:3)
  A death drake (shapeshifter) (Vaults:5)
  23 skeletal warriors
  2 glowing orange brains
  6 flayed ghosts
  An obsidian statue (Depths:1)
  18 deep trolls
  11 phantasmal warriors
  4 bog bodies
  7 wizards
  An infernal demonspawn (Depths:3)
  17 swamp dragons
  3 necromancers
  21 orb spiders
  5 lindwurms
  16 deep elf archers
  2 frost giant zombies
  An orb spider (shapeshifter) (Vaults:3)
  14 ironbrand convokers
  58 deep elf magi
  3 harpies
  4 will-o-the-wisps
  2 shining eyes (Slime:4)
  6 orc sorcerers
  15 ugly things
  16 orc knights
  15 wolf spiders
  3 manticores
  An elephant (shapeshifter) (Elf:1)
  10 cyclopes
  A manticore (shapeshifter) (Elf:3)
  20 moths of wrath
  A moth of wrath (shapeshifter) (Depths:3)
  A spectral shock serpent (Crypt:3)
  4 salamanders
  3 rust devils
  A guardian serpent (shapeshifter) (Abyss:3)
  10 vault sentinels
  4 black mambas
  9 elephants
  11 apocalypse crabs
  3 smoke demons
  An eye of devastation (Slime:4)
  A cane toad (shapeshifter) (Depths:2)
  A naga mage (Depths:2)
  An ice statue (IceCv)
  7 cane toads
  A torpor snail (shapeshifter) (Depths:2)
  2 gargoyles
  4 torpor snails
  11 komodo dragons
  An eye of devastation (shapeshifter) (Vaults:5)
  6 rime drakes
  A black draconian zombie (Crypt:1)
  4 molten gargoyles
  47 yaktaurs
  3 orange demons (Depths:1)
  2 hellions (Abyss:3)
  2 tengu conjurers
  A ghost moth simulacrum (Zot:4)
  2 hellwings (Depths:3)
  10 guardian mummies
  5 efreet
  7 demonic crawlers
  A red draconian skeleton (Crypt:1)
  An ice devil (D:14)
  8 freezing wraiths
  2 red devils (Depths:1)
  3 golden dragon simulacra
  A spectral moth of wrath (Zot:4)
  2 meliai (shapeshifter)
  6 ancient zymes
  6 trolls
  2 bloated husks
  A harpy zombie (Crypt:1)
  11 polar bears (IceCv)
  36 jumping spiders
  A shadow dragon simulacrum (Abyss:4)
  7 raiju
  A hornet (shapeshifter) (Vaults:5)
  6 tyrant leeches
  81 slime creatures
  16 hornets
  2 hydra skeletons
  An alligator zombie (Crypt:1)
  5 dream sheep (Lair:6)
  5 blink frogs
  An ice dragon skeleton (Crypt:2)
  An ice dragon zombie (Crypt:2)
  51 flying skulls
  A frost giant simulacrum (Depths:3)
  3 air elementals
  13 small abominations
  2 centaur simulacra (D:13)
  88 redbacks
  22 tarantellas
  2 shadows
  Sigmund (D:3)
  2 alligator skeletons
  7 water elementals
  3 fire bats (Depths:3)
  A vampire (D:13)
  A hog (shapeshifter) (Depths:4)
  A spriggan simulacrum (Depths:3)
  9 wraiths
  5 wyverns
  4 ushabtiu
  A spriggan (shapeshifter) (Vaults:3)
  2 ynoxinuls
  A basilisk (shapeshifter) (Depths:4)
  4 basilisks
  53 yaks
  11 fire elementals
  3 steam dragons
  7 chaos spawn
  A yaktaur simulacrum (Vaults:3)
  9 vampire mosquitoes
  An insubstantial wisp (Abyss:3)
  10 wargs
  A human simulacrum (Vaults:2)
  A spatial vortex (Abyss:3)
  11 large abominations
  9 swamp worms
  An acid dragon (Zot:3)
  A hydra simulacrum (Depths:2)
  The ghost of quoriil the Magician, an amateur DEWz of Ru (D:4)
  8 water moccasins
  Duvessa (D:7)
  2 floating eyes
  5 hell hounds (D:14)
  4 ice beasts
  3 sky beasts
  9 swamp drakes
  2 black bears
  7 eyes of draining
  3 meliai simulacra (D:13)
  43 orc warriors
  3 necrophages (Crypt:3)
  A hornet zombie (D:10)
  A dream sheep zombie (Crypt:2)
  21 wolves
  13 boggarts
  37 ogres
  18 centaurs
  A lemure (D:7)
  A lindwurm skeleton (Crypt:2)
  Blork the orc (D:6)
  13 big kobolds
  12 bullfrogs
  2 earth elementals
  2 gnoll sergeants
  Dowan (D:7)
  11 scorpions
  15 killer bees
  12 howler monkeys
  18 wights
  2 electric eels (Spider:3)
  3 centaur zombies
  7 jellies
  A bullfrog zombie (D:7)
  11 starcursed masses (Abyss:3)
  12 crimson imps
  4 quasits
  3 hounds
  26 orc priests
  3 bullfrog skeletons
  33 orc wizards
  3 centaur skeletons
  5 iron imps
  Terence (D:3)
  Natasha (thrice) (D:3)
  4 worker ants
  A big kobold skeleton (Crypt:2)
  A bullfrog simulacrum (D:13)
  An ogre skeleton (Crypt:1)
  A hound zombie (Crypt:1)
  A hound skeleton (D:7)
  14 mummies
  Robin (D:3)
  7 gnolls
  A howler monkey skeleton (D:5)
  8 adders
  3 shadow imps
  10 white imps
  5 ufetubi
  An ooze (D:7)
  2 adder skeletons
  A halfling skeleton (Crypt:1)
  An iguana skeleton (Crypt:1)
  A lava snake skeleton (Crypt:2)
  2 worms
  3 dart slugs
  A leopard gecko (shapeshifter) (D:14)
  6 leopard geckos
  82 orcs
  8 bats
  A bat skeleton (Crypt:2)
  8 giant cockroaches
  15 goblins
  6 hobgoblins
  29 kobolds
  4 quokkas
  4 ball pythons
  4 frilled lizards
  A goblin skeleton (D:4)
  2 goblin zombies (D:4)
  4 hobgoblin zombies (D:4)
  2 kobold skeletons (D:4)
  A kobold zombie (D:4)
  A leopard gecko zombie (D:5)
  An orc skeleton (D:4)
  2 orc zombies (D:4)
  A quokka skeleton (D:4)
  9 rats
  A fire vortex (Volcano)
  A lurking horror (Abyss:3)
  3 starspawn tentacles
2510 creatures vanquished.

Vanquished Creatures (collateral kills)
  3 greater mummies
  2 golden dragons (Zot:4)
  An electric golem (Zot:3)
  2 tentacled monstrosities
  2 liches (Tomb:1)
  An ancient champion (Tomb:1)
  2 death cobs (Zot:3)
  A sphinx (Tomb:1)
  A shadow dragon (Zot:3)
  5 draconian monks
  2 storm dragons
  2 draconian scorchers (Zot:4)
  3 draconian knights
  2 draconian annihilators (Zot:3)
  2 draconian shifters
  A draconian stormcaller (Zot:2)
  A bennu (Tomb:2)
  4 black draconians
  2 yellow draconians
  5 green draconians
  4 white draconians
  6 red draconians
  4 purple draconians
  3 mummy priests (Tomb:1)
  A spectral quicksilver dragon (Zot:4)
  A quicksilver dragon zombie (Tomb:1)
  A spectral draconian (Zot:4)
  12 death scarabs
  6 moths of wrath
  An apocalypse crab (Zot:3)
  A storm dragon simulacrum (Zot:4)
  5 guardian mummies
  A jumping spider (Spider:2)
  A ghost moth simulacrum (Zot:4)
  2 spectral moths of wrath (Zot:4)
  6 flying skulls (Tomb:1)
  4 ushabtiu (Tomb:1)
  A small abomination (Abyss:3)
  A yellow draconian simulacrum (Zot:4)
  A snapping turtle zombie (Tomb:1)
  A killer bee (D:10)
  A jelly (D:10)
  2 orc wizards
  4 mummies (Tomb:1)
  An ufetubus (Abyss:3)
  An orc (Orc:2)
116 creatures vanquished.

Vanquished Creatures (others)
  2 fire giants
  A deep elf elementalist (Elf:3)
  A stone giant (Depths:3)
  A vampire knight (Depths:3)
  A deep elf demonologist (Elf:3)
  A red draconian (Zot:3)
  A bunyip (Swamp:2)
  A deep troll earth mage (Depths:4)
  A deep elf knight (Depths:3)
  An orc high priest (Elf:1)
  A goliath frog (Swamp:4)
  A swamp dragon (Swamp:4)
  2 orc knights
  A wolf spider (Spider:2)
  3 bloated husks
  A raiju (Abyss:3)
  An ushabti (Tomb:1)
  A harpy simulacrum (Depths:2)
  A warg (Orc:2)
  2 swamp drakes (Swamp:4)
  An ogre (Vaults:5)
  A black bear (D:10)
  An orc wizard (Elf:1)
  5 orcs
  A bush (Lair:6)
  2 foxfires (Swamp:1)
  15 fungi
  A lurking horror (Abyss:3)
  53 plants
  9 starspawn tentacles
114 creatures vanquished.

Grand Total: 2740 creatures vanquished

Notes
Turn   | Place    | Note
-------+----------+-------------------------------------------
     0 | D:5      | miscthings the Palentonga Delver began the quest for the
                  | Orb.
     0 | D:5      | Reached XP level 1. HP: 20/20 MP: 1/1
   328 | D:5      | Found a glowing golden altar of the Shining One.
   352 | D:5      | Reached XP level 2. HP: 27/27 MP: 2/2
   380 | D:5      | Found a runed translucent gate.
   380 | D:5      | Found a runed translucent gate.
   381 | D:5      | Found a runed translucent gate.
   383 | D:5      | Noticed HellBreezer's ghost (novice OgBe)
   384 | D:5      | Noticed a big kobold
   385 | D:5      | Noticed a big kobold
   524 | D:5      | Noticed a howler monkey
   536 | D:5      | Killed a howler monkey
   536 | D:5      | Reached XP level 3. HP: 31/33 MP: 3/3
   583 | D:5      | Found a staircase to the Ecumenical Temple.
   592 | Temple   | Entered the Ecumenical Temple
   630 | Temple   | Became a worshipper of Warmaster Okawaru
   688 | D:5      | Noticed a scorpion
   699 | D:5      | Killed a scorpion
   699 | D:5      | Reached XP level 4. HP: 40/40 MP: 4/4
   818 | D:5      | Reached skill level 5 in Axes
   991 | D:4      | Found a shimmering altar of Xom.
  1091 | D:3      | Noticed Natasha
  1093 | D:3      | Killed Natasha
  1093 | D:3      | Reached XP level 5. HP: 48/48 MP: 5/5
  1111 | D:3      | Noticed Terence
  1123 | D:3      | Noticed Natasha
  1127 | D:3      | Killed Terence
  1127 | D:3      | Reached * piety under Okawaru
  1136 | D:3      | Killed Natasha
  1297 | D:3      | Noticed Robin
  1324 | D:3      | Killed Robin
  1369 | D:3      | Noticed Sigmund
  1374 | D:3      | Killed Sigmund
  1374 | D:3      | Reached XP level 6. HP: 54/54 MP: 6/6
  1581 | D:3      | Noticed Natasha
  1583 | D:3      | Killed Natasha
  1618 | D:2      | Found a basalt altar of Yredelemnul.
  2344 | D:2      | Gained mutation: You curl defensively after being hit.
                  | [Palentonga growth]
  2344 | D:2      | Reached XP level 7. HP: 50/60 MP: 7/7
  3304 | D:3      | Found a radiant altar of Vehumet.
  3533 | D:4      | Found a glowing golden altar of the Shining One.
  3636 | D:4      | Found Bupeugas's Magic Scroll Emporium.
  3640 | D:4      | Found a snail-covered altar of Cheibriados.
  3646 | D:4      | Bought a scroll of blinking for 105 gold pieces
  3646 | D:4      | Bought a scroll of identify for 28 gold pieces
  3646 | D:4      | Bought a scroll of remove curse for 42 gold pieces
  3646 | D:4      | Bought a scroll of fear for 49 gold pieces
  3855 | D:4      | Found a one-way gate to the infinite horrors of the Abyss.
  3855 | D:4      | Noticed quoriil's ghost (amateur DEWz)
  3921 | D:4      | Identified the +8 flail of Vanity {distort, +Blink rN++}
  3923 | D:4      | Found a transporter.
  3926 | D:4      | Found a transporter.
  3963 | D:4      | Killed quoriil's ghost
  3963 | D:4      | Reached ** piety under Okawaru
  4078 | D:4      | Reached XP level 8. HP: 60/67 MP: 8/8
  4147 | D:4      | Found an ornate altar of the Wu Jian Council.
  4577 | D:5      | Killed HellBreezer's ghost
  4577 | D:5      | Reached *** piety under Okawaru
  5039 | D:6      | Got a buzzing falchion
  5062 | D:6      | Found a sacrificial altar of Ru.
  5066 | D:6      | Reached XP level 9. HP: 73/73 MP: 9/9
  5135 | D:6      | Found a bloodstained altar of Trog.
  5255 | D:6      | Noticed Blork the orc
  5258 | D:6      | Killed Blork the orc
  5315 | D:6      | Found a shimmering blue altar of Sif Muna.
  5502 | D:6      | Found a glowing drain.
  5511 | Sewer    | Entered a sewer
  5802 | D:6      | Found a shadowy altar of Dithmenos.
  5919 | D:7      | Noticed Pikel
  5931 | D:7      | Banished Pikel
  5931 | D:7      | Reached skill level 10 in Maces & Flails
  5942 | D:7      | Noticed Dowan
  5943 | D:7      | Noticed Duvessa
  5952 | D:7      | Killed Duvessa
  5952 | D:7      | Reached **** piety under Okawaru
  5959 | D:7      | Killed Dowan
  6302 | D:7      | Found a blossoming altar of Fedhas.
  6385 | D:7      | Got a jewelled ring mail
  6396 | D:7      | Identified the +2 ring mail of the Slug {rPois} (You found
                  | it on level 7 of the Dungeon)
  6412 | D:7      | Found Xumeum's Weapon Emporium.
  6737 | D:8      | Found a hide-covered altar of Uskayaw.
  6749 | D:8      | Reached XP level 10. HP: 79/82 MP: 10/10
  6761 | D:8      | Gained mutation: You have sharp fingernails. [potion of
                  | mutation]
  6761 | D:8      | Gained mutation: You are robust. (+10% HP) [potion of
                  | mutation]
  6761 | D:8      | Gained mutation: You evolve. [potion of mutation]
  6761 | D:8      | Gained mutation: Your tail ends in a poisonous barb.
                  | [potion of mutation]
  6791 | D:8      | Found an opulent altar of Gozag.
  6862 | D:8      | Found a shimmering altar of Xom.
  7004 | D:8      | Found a staircase to the Lair.
  7252 | D:9      | Found a staircase to the Orcish Mines.
  7721 | D:9      | Reached ***** piety under Okawaru
  7900 | D:9      | Reached skill level 1 in Invocations
  7904 | D:9      | Reached skill level 1 in Shields
  7910 | D:9      | Found a sparkling altar of Nemelex Xobeh.
  8000 | D:10     | Entered Level 10 of the Dungeon
  8004 | D:10     | Noticed Sonja
  8320 | D:10     | Reached skill level 1 in Armour
  8320 | D:10     | Reached skill level 1 in Evocations
  8342 | D:10     | Gained mutation: You possess an exceptional clarity of
                  | mind. [evolution]
  8346 | D:10     | Reached XP level 11. HP: 57/97 MP: 12/12
  8574 | D:10     | Received a gift from Okawaru
  8577 | D:10     | Got a slimy hand axe {god gift}
  8611 | D:10     | Identified the +3 hand axe "Yhyew" {venom, rC+ Int+5 Dex-5}
                  | (Okawaru gifted it to you on level 10 of the Dungeon)
  8652 | D:10     | Killed Sonja
  9146 | Lair:1   | Entered Level 1 of the Lair of Beasts
  9235 | Lair:1   | Found a sacrificial altar of Ru.
  9686 | Lair:1   | Found a dark tunnel.
  9695 | Volcano  | Entered a volcano
  9797 | Volcano  | Noticed a lindwurm
  9797 | Volcano  | Noticed a lindwurm
  9826 | Volcano  | Gained mutation: Your system is resistant to poisons.
                  | (rPois) [evolution]
 10227 | Volcano  | Killed a lindwurm
 10227 | Volcano  | Killed a lindwurm
 10277 | Volcano  | Received a gift from Okawaru
 10277 | Volcano  | Reached skill level 5 in Fighting
 10638 | Lair:2   | Reached XP level 12. HP: 109/109 MP: 15/15
 10812 | Lair:2   | Found a hole to the Spider Nest.
 10934 | Lair:2   | Reached skill level 5 in Shields
 10996 | Lair:2   | Identified Lorghuefu's Compendium of the Oath and the
                  | Voyage
 11431 | Lair:3   | Found a staircase to the Swamp.
 11472 | Lair:3   | Reached skill level 5 in Invocations
 11767 | Lair:3   | Noticed a seven-headed hydra
 11774 | Lair:3   | Killed a seven-headed hydra
 11774 | Lair:3   | Reached ****** piety under Okawaru
 11774 | Lair:3   | Received a gift from Okawaru
 12017 | Lair:3   | Noticed a catoblepas
 12022 | Lair:3   | Killed a catoblepas
 12391 | Lair:4   | Received a gift from Okawaru
 12391 | Lair:4   | Reached skill level 10 in Axes
 12603 | Lair:4   | Noticed a five-headed hydra
 12839 | Lair:4   | Killed a five-headed hydra
 13074 | Lair:4   | Reached XP level 13. HP: 114/120 MP: 17/17
 13472 | Lair:5   | Reached skill level 5 in Dodging
 13581 | Lair:5   | Reached skill level 5 in Evocations
 13836 | Lair:5   | Found a staircase to the Slime Pits.
 14020 | Lair:6   | Entered Level 6 of the Lair of Beasts
 14150 | Lair:6   | Found a runed translucent gate.
 14151 | Lair:6   | Found a runed translucent gate.
 14152 | Lair:6   | Found a runed translucent gate.
 14186 | Lair:6   | Received a gift from Okawaru
 14281 | Lair:6   | Reached skill level 5 in Armour
 14451 | Lair:6   | Noticed a minotaur
 14453 | Lair:6   | Noticed Frask's ghost (journeyman MiFi)
 14522 | Lair:6   | Received a gift from Okawaru
 15348 | Lair:6   | Reached XP level 14. HP: 132/132 MP: 19/19
 15841 | Lair:6   | Got an encrusted leather armour
 15853 | Lair:6   | Identified the +1 leather armour of Shielding {+Blink
                  | Regen+ MP+9 Int-5} (You found it on level 6 of the Lair of
                  | Beasts)
 15996 | Lair:6   | Killed Frask's ghost
 16000 | Lair:6   | HP: 2/133 [minotaur (19)]
 16006 | Lair:6   | Received a gift from Okawaru
 16296 | Orc:1    | Entered Level 1 of the Orcish Mines
 16336 | Orc:1    | Found Kaacig's Book Emporium.
 16790 | Orc:2    | Entered Level 2 of the Orcish Mines
 16957 | Orc:2    | Noticed an orc warlord
 17077 | Orc:2    | Killed an orc warlord
 17200 | Orc:2    | Found a roughly hewn altar of Beogh.
 17408 | Orc:2    | Found Amaackad's Antique Armour Boutique.
 17413 | Orc:2    | Found a staircase to the Elven Halls.
 17413 | Orc:2    | Found Lyojar's Book Boutique.
 17438 | Orc:2    | Bought a shiny kite shield for 255 gold pieces
 17451 | Orc:2    | Bought a shiny buckler for 255 gold pieces
 17451 | Orc:2    | Bought a silken robe for 193 gold pieces
 17581 | Orc:2    | Found Rogun's General Store.
 17587 | Orc:2    | Bought a scroll of identify for 36 gold pieces
 17587 | Orc:2    | Bought a scroll of holy word for 135 gold pieces
 17587 | Orc:2    | Bought a scroll of vulnerability for 135 gold pieces
 17602 | Orc:2    | Found Ibeovar's Assorted Antiques.
 17612 | Orc:2    | Bought a scorched turquoise ring for 195 gold pieces
 17612 | Orc:2    | Identified the +1 robe of Indemnity {Regen+ MP+9 Str+4}
                  | (You bought it in a shop on level 2 of the Orcish Mines)
 17625 | Orc:2    | Identified the ring of Hospitality {rN+ MP+9 Str+4} (You
                  | bought it in a shop on level 2 of the Orcish Mines)
 17667 | Orc:2    | Found Likhlogae's Antique Weapon Boutique.
 17673 | Orc:2    | Bought a translucent flail for 204 gold pieces
 17847 | D:11     | Found a runed translucent gate.
 17847 | D:11     | Found a runed translucent gate.
 17847 | D:11     | Found a runed translucent gate.
 17849 | D:11     | Identified the +2 plate armour of Loizax {Harm *Drain MR++
                  | Str+6}
 17850 | D:11     | Noticed iamoutofideas's ghost (journeyman GrEE)
 17854 | D:11     | Found a roughly hewn altar of Beogh.
 18142 | D:11     | Identified the +6 flail of Defiance {freeze, rPois Int+9}
                  | (You bought it in a shop on level 2 of the Orcish Mines)
 18558 | D:11     | Found Lepheng's Antique Armour Emporium.
 18917 | D:12     | Noticed Urug
 18931 | D:12     | Killed Urug
 18931 | D:12     | Reached XP level 15. HP: 91/143 MP: 21/21
 18938 | D:12     | Received a gift from Okawaru
 19453 | D:13     | Found Muejeo's Antique Weapon Emporium.
 19651 | D:13     | Found a frozen archway.
 19664 | IceCv    | Entered an ice cave
 20017 | IceCv    | Noticed a frost giant
 20033 | IceCv    | Banished a frost giant
 20770 | D:14     | Noticed Azrael
 20827 | D:14     | Noticed Agnes
 20843 | D:14     | Killed Agnes
 20933 | D:14     | Killed Azrael
 21076 | D:14     | Received a gift from Okawaru
 21077 | D:14     | Found the +27 Lear's hauberk
 21204 | D:14     | Lost mutation: Your tail ends in a poisonous barb.
                  | [evolution]
 21542 | D:14     | Found a gate to the Vaults.
 21813 | D:15     | Entered Level 15 of the Dungeon
 21834 | D:15     | Reached skill level 10 in Invocations
 22169 | D:15     | Reached skill level 10 in Fighting
 22301 | D:15     | Reached XP level 16. HP: 129/156 MP: 23/23
 22363 | D:15     | Found a staircase to the Depths.
 22838 | Spider:1 | Entered Level 1 of the Spider Nest
 22937 | Spider:1 | Received a gift from Okawaru
 22944 | Spider:1 | Got an ichor-stained barding {god gift}
 22967 | Lair:2   | Identified the +3 barding "Wiliheh" {Harm rF+ Int+3 Dex+4}
                  | (Okawaru gifted it to you on level 1 of the Spider Nest)
 23238 | Spider:1 | Noticed Asterion
 23256 | Spider:1 | Killed Asterion
 23727 | Spider:1 | Lost mutation: You possess an exceptional clarity of mind.
                  | [evolution]
 24145 | Spider:2 | Noticed Louise
 24191 | Spider:2 | Cast into level 3 of the Abyss (Louise)
 24444 | Abyss:3  | Reached skill level 10 in Evocations
 24511 | Abyss:3  | Noticed a tentacled starspawn
 24537 | Abyss:3  | Killed a tentacled starspawn
 24539 | Spider:2 | Escaped the Abyss
 24546 | Spider:2 | Killed Louise
 25009 | Spider:2 | Noticed Aizul
 25028 | Spider:2 | Banished Aizul
 25365 | Spider:2 | Received a gift from Okawaru
 25529 | Spider:2 | Reached skill level 1 in Throwing
 25590 | Spider:2 | Reached XP level 17. HP: 144/170 MP: 0/24
 26386 | Spider:2 | Reached skill level 10 in Dodging
 27582 | Spider:3 | Reached skill level 10 in Armour
 27793 | Spider:4 | Entered Level 4 of the Spider Nest
 28363 | Spider:4 | Received a gift from Okawaru
 28396 | Spider:4 | Got a bloodstained hand axe {god gift}
 28958 | Spider:4 | Gained mutation: You rapidly evolve. [evolution]
 29039 | Spider:4 | Got a gossamer rune of Zot
 29361 | Swamp:1  | Entered Level 1 of the Swamp
 30374 | Swamp:2  | Reached skill level 10 in Shields
 30396 | Swamp:2  | Reached XP level 18. HP: 164/181 MP: 25/25
 30402 | Swamp:2  | Noticed a tentacled monstrosity
 30412 | Swamp:2  | Banished a tentacled monstrosity
 30438 | Swamp:2  | Received a gift from Okawaru
 30453 | Swamp:2  | Found a shadowy altar of Dithmenos.
 31392 | Swamp:3  | Identified the +6 hand axe "Ereh" {freeze, *Corrode rElec
                  | Str+5} (Okawaru gifted it to you on level 4 of the Spider
                  | Nest)
 31747 | Swamp:4  | Entered Level 4 of the Swamp
 31758 | Swamp:4  | Noticed Nikola
 31790 | Swamp:3  | Killed Nikola
 32215 | Swamp:4  | Noticed Mara
 32234 | Swamp:4  | Banished Mara
 32251 | Swamp:4  | Gained mutation: Your flesh is heat resistant. (rF+)
                  | [evolution]
 32362 | Swamp:4  | Noticed Donald
 32379 | Swamp:4  | Killed Donald
 32860 | Swamp:4  | Got a decaying rune of Zot
 33034 | Elf:1    | Entered Level 1 of the Elven Halls
 33042 | Orc:1    | Found Paachaw's Magic Scroll Boutique.
 33083 | Orc:1    | Bought a scroll of holy word for 75 gold pieces
 33083 | Orc:1    | Bought a scroll of blinking for 75 gold pieces
 33083 | Orc:1    | Bought a scroll of identify for 20 gold pieces
 33170 | Elf:1    | Reached skill level 5 in Throwing
 33222 | Elf:1    | Received a gift from Okawaru
 33407 | Elf:1    | Received a gift from Okawaru
 33738 | Elf:1    | Reached XP level 19. HP: 181/190 MP: 26/26
 34539 | Elf:2    | Found Efripp's Gadget Shop.
 34543 | Elf:2    | Found Tecid's Jewellery Emporium.
 34544 | Elf:2    | Cast into level 3 of the Abyss (a deep elf sorcerer)
 34961 | Abyss:3  | Noticed a lich
 35045 | Abyss:3  | Received a gift from Okawaru
 35073 | Abyss:3  | Got an abyssal rune of Zot
 35094 | Elf:2    | Escaped the Abyss
 35104 | Elf:2    | Found Fiminka's Gadget Shop.
 35115 | Elf:2    | Bought a box of beasts for 680 gold pieces
 35154 | Elf:2    | Found a runed translucent gate.
 35154 | Elf:2    | Found a runed translucent gate.
 35154 | Elf:2    | Found a runed translucent gate.
 35205 | Elf:2    | Found Vege's Magic Scroll Shop.
 35214 | Elf:2    | Received a gift from Okawaru
 35231 | Elf:2    | Bought a scroll of silence for 97 gold pieces
 35231 | Elf:2    | Bought a scroll of enchant armour for 97 gold pieces
 35372 | Elf:2    | Noticed Saint Roka
 35460 | Elf:2    | Banished Saint Roka
 35844 | Elf:2    | Gained mutation: Your flesh is cold resistant. (rC+)
                  | [evolution]
 35920 | Elf:3    | Entered Level 3 of the Elven Halls
 36131 | Elf:3    | Cast into level 4 of the Abyss (a deep elf sorcerer)
 36131 | Abyss:4  | Found a sacrificial altar of Ru.
 36229 | Abyss:4  | Found a corrupted altar of Lugonu.
 36268 | Abyss:4  | Found a sacrificial altar of Ru.
 36288 | Abyss:4  | Reached XP level 20. HP: 165/203 MP: 27/27
 36292 | Abyss:4  | Received a gift from Okawaru
 36338 | Elf:3    | Escaped the Abyss
 36463 | Elf:3    | Found the macabre finger necklace {rN+}
 36466 | Elf:3    | Identified the Disquisition on the Poisonous Birds
 36533 | Elf:3    | Identified the Compendium of Enthralling Black Rituals
 36539 | Elf:3    | Identified the ring "Noemo" {MR+ Dex+4} (You found it on
                  | level 3 of the Elven Halls)
 36628 | Elf:3    | Identified the Almanac of Frigorific Bewitchment
 36633 | Elf:3    | Identified Hiuluz's Papyrus of Attacks
 36654 | Elf:3    | Identified the Catalogue of Curses
 37603 | Elf:2    | Bought a scroll of enchant weapon for 97 gold pieces
 37661 | Orc:1    | Bought a scroll of enchant weapon for 75 gold pieces
 37661 | Orc:1    | Bought a scroll of enchant weapon for 75 gold pieces
 38319 | D:11     | Killed iamoutofideas's ghost
 38347 | D:11     | Identified the +5 robe of Lies {*Contam Harm rElec Regen+
                  | Str+4} (You found it on level 11 of the Dungeon)
 38467 | Vaults:1 | Entered Level 1 of the Vaults
 38835 | Vaults:1 | Received a gift from Okawaru
 38875 | Vaults:1 | Identified the +3 long sword "Jaxergh" {protect, rF+ rN+
                  | MR- Int+3}
 39124 | Vaults:1 | Found a radiant altar of Vehumet.
 39156 | Vaults:1 | Reached skill level 15 in Fighting
 39368 | Vaults:1 | Received a gift from Okawaru
 39431 | Vaults:1 | Identified the +1 helmet of Immorality {+Blink} (Okawaru
                  | gifted it to you on level 1 of the Vaults)
 39472 | Vaults:1 | Gained mutation: You passively map a small area around you.
                  | [evolution]
 40141 | Vaults:2 | Reached XP level 21. HP: 213/215 MP: 28/28
 40269 | Vaults:2 | Found a staircase to the Crypt.
 41284 | Elf:2    | Bought a wand of acid (9) for 442 gold pieces
 41288 | Elf:2    | Bought a wand of iceblast (9) for 221 gold pieces
 42381 | Vaults:3 | You fall into a shaft and drop 1 floor!
 42573 | Vaults:3 | Identified a scroll of acquirement
 42588 | Vaults:3 | Acquired the amulet of Vecsauc {rPois rF+ Regen+}
 42715 | Vaults:3 | Received a gift from Okawaru
 42995 | Vaults:4 | Paralysed by a sphinx for 3 turns
 43217 | Vaults:4 | Received a gift from Okawaru
 43292 | Vaults:4 | Lost mutation: You are robust. (+10% HP) [a neqoxec]
 43747 | Vaults:4 | Identified the +8 scale mail "Intaq" {+Blink rC- Str+4
                  | Dex+8} (You found it on level 4 of the Vaults)
 43842 | Vaults:4 | Gained mutation: You expend magic power (3 MP) to
                  | strengthen your wands. [evolution]
 44037 | Vaults:4 | Identified the +2 plate armour of Fedhas's Outrage {Harm
                  | +Fly rF- rC+++} (You found it on level 4 of the Vaults)
 44217 | Vaults:4 | Reached skill level 15 in Axes
 44217 | Vaults:4 | Reached XP level 22. HP: 195/208 MP: 29/29
 44359 | Vaults:4 | Received a gift from Okawaru
 44454 | Crypt:1  | Entered Level 1 of the Crypt
 44480 | Vaults:2 | Paralysed by a vampire knight for 5 turns
 44491 | Vaults:2 | Paralysed by a vampire knight for 4 turns
 45274 | Crypt:1  | Received a gift from Okawaru
 45709 | Crypt:2  | Received a gift from Okawaru
 46428 | Crypt:3  | Entered Level 3 of the Crypt
 46836 | Crypt:3  | Found a basalt altar of Yredelemnul.
 47461 | Crypt:3  | Gained mutation: You are resistant to hostile enchantments.
                  | (MR+) [evolution]
 47530 | Crypt:3  | Identified the ring of Desertification {rN+ Str+5 Stlth-}
                  | (You found it on level 3 of the Crypt)
 47531 | Crypt:3  | Identified the ring "Kegoavink" {rElec rN+ Str+4} (You
                  | found it on level 3 of the Crypt)
 47708 | Crypt:3  | Noticed Khufu
 47725 | Crypt:3  | Banished Khufu
 47725 | Crypt:3  | Reached XP level 23. HP: 217/217 MP: 30/30
 47746 | Crypt:3  | Found a staircase to the Tomb.
 48473 | Orc:2    | Bought a sapphire hand axe for 312 gold pieces
 48479 | Orc:2    | Cast into level 4 of the Abyss (unwielding a weapon of
                  | distortion)
 48594 | Abyss:4  | Learned a level 9 spell: Death's Door
 48640 | Abyss:4  | Found a corrupted altar of Lugonu.
 48727 | Abyss:4  | Received a gift from Okawaru
 48733 | Orc:2    | Escaped the Abyss
 48744 | Orc:2    | Identified the +8 hand axe "Xiow Itra" {speed, rElec Str+4}
                  | (You bought it in a shop on level 2 of the Orcish Mines)
 48749 | Orc:2    | Bought 2 scrolls of enchant armour for 585 gold pieces
 49420 | Slime:1  | Entered Level 1 of the Pits of Slime
 49601 | Slime:2  | Paralysed by a great orb of eyes for 4 turns
 49783 | Slime:4  | Received a gift from Okawaru
 49907 | Slime:5  | Entered Level 5 of the Pits of Slime
 50065 | Slime:5  | Noticed the Royal Jelly
 50068 | Slime:5  | Found a viscous altar of Jiyva.
 50089 | Slime:5  | Killed the Royal Jelly
 50089 | Slime:5  | Reached skill level 15 in Dodging
 50298 | Slime:5  | Identified the ring "Hoat" {Str+6 Stlth+} (You found it on
                  | level 5 of the Pits of Slime)
 50330 | Slime:5  | Identified the ring of Ejunn {*Corrode rF+ MR+ Dex+6} (You
                  | found it on level 5 of the Pits of Slime)
 50359 | Slime:5  | Got a slimy rune of Zot
 50398 | Slime:5  | Got a crude amber ring
 50399 | Slime:5  | Identified the ring "Afudeis" {Wiz Int+5 Dex-5 Slay+2} (You
                  | found it on level 5 of the Pits of Slime)
 50676 | Depths:1 | Entered Level 1 of the Depths
 50686 | Depths:1 | Received a gift from Okawaru
 50710 | Depths:1 | Reached skill level 15 in Armour
 50757 | Depths:1 | Received a gift from Okawaru
 50764 | Depths:1 | Got a twisted broad axe {god gift}
 50765 | Depths:1 | Identified the +0 broad axe "Akkipsez" {flame, rC- rN++}
                  | (Okawaru gifted it to you on level 1 of the Depths)
 50993 | Vaults:4 | Learned a level 8 spell: Necromutation
 51271 | D:8      | Fell from the grace of Okawaru
 51271 | D:8      | Became a worshipper of Uskayaw the Reveler
 51505 | Depths:1 | Reached * piety under Uskayaw
 51506 | Depths:1 | Reached ** piety under Uskayaw
 51510 | Depths:1 | Reached *** piety under Uskayaw
 51569 | Depths:1 | Reached **** piety under Uskayaw
 51635 | Depths:1 | Found a gateway to Hell.
 51635 | Depths:1 | Reached skill level 15 in Shields
 51636 | Depths:1 | Reached ***** piety under Uskayaw
 51643 | Depths:1 | Reached skill level 1 in Necromancy
 51643 | Depths:1 | Reached skill level 1 in Spellcasting
 51787 | Depths:1 | Reached skill level 2 in Necromancy
 51801 | Depths:1 | Reached ****** piety under Uskayaw
 52014 | Depths:1 | Reached skill level 3 in Necromancy
 52226 | Depths:1 | Reached XP level 24. HP: 196/227 MP: 30/30
 52555 | Depths:2 | Reached skill level 4 in Necromancy
 53131 | Depths:2 | Reached skill level 5 in Necromancy
 53168 | Depths:2 | Reached skill level 5 in Spellcasting
 53204 | Depths:2 | Reached skill level 6 in Necromancy
 53843 | Depths:2 | Reached skill level 7 in Necromancy
 53993 | Depths:2 | Noticed an ancient lich
 54043 | Depths:1 | Gained mutation: You have a pair of small horns on your
                  | head. [evolution]
 54309 | Depths:2 | Killed an ancient lich
 54309 | Depths:2 | Reached skill level 8 in Necromancy
 54536 | Depths:2 | Learned a level 1 spell: Apportation
 54545 | Depths:2 | Learned a level 8 spell: Infestation
 54958 | Depths:3 | Found a one-way gate leading to the halls of Pandemonium.
 55059 | Depths:3 | Reached skill level 9 in Necromancy
 55332 | Depths:3 | Noticed a juggernaut
 55343 | Depths:3 | Killed a juggernaut
 55358 | Depths:3 | Identified the Handbook of the Virous Mountains
 55369 | Depths:3 | Learned a level 5 spell: Borgnjor's Vile Clutch
 55450 | Depths:3 | Reached skill level 1 in Earth Magic
 55646 | Depths:3 | Reached skill level 10 in Necromancy
 56286 | Depths:4 | Noticed the Enchantress
 56291 | Depths:4 | Killed the Enchantress
 56294 | Depths:4 | Reached XP level 25. HP: 205/237 MP: 36/36
 56363 | Depths:4 | Reached skill level 11 in Necromancy
 56537 | Depths:4 | Found a broken altar of Ashenzari.
 56551 | Depths:4 | Reached skill level 12 in Necromancy
 57402 | Depths:4 | Reached skill level 13 in Necromancy
 57418 | Depths:4 | Paralysed by a floating eye for 3 turns
 57468 | Depths:4 | Reached skill level 14 in Necromancy
 57760 | Depths:5 | Entered Level 5 of the Depths
 57823 | Depths:5 | Found a gateway to a ziggurat.
 57857 | Depths:5 | Was forgiven by Okawaru
 57906 | Depths:5 | Found Koimozuapix's Distillery.
 57914 | Depths:5 | Bought a potion of heal wounds for 65 gold pieces
 57914 | Depths:5 | Bought a potion of curing for 39 gold pieces
 57914 | Depths:5 | Bought a potion of mutation for 104 gold pieces
 57914 | Depths:5 | Bought a potion of brilliance for 52 gold pieces
 57914 | Depths:5 | Bought a potion of brilliance for 52 gold pieces
 57914 | Depths:5 | Bought a potion of flight for 39 gold pieces
 57914 | Depths:5 | Bought a potion of flight for 39 gold pieces
 58027 | Depths:5 | Reached skill level 15 in Necromancy
 58578 | Depths:5 | Found a gate to the Realm of Zot.
 59347 | Vaults:5 | Entered Level 5 of the Vaults
 59355 | Vaults:5 | Reached skill level 16 in Necromancy
 59367 | Vaults:5 | Noticed an ancient lich
 59538 | Vaults:5 | Reached skill level 17 in Necromancy
 59543 | Vaults:5 | Reached XP level 26. HP: 211/242 MP: 32/36
 59545 | Vaults:5 | Killed an ancient lich
 59567 | Vaults:5 | Noticed an ancient lich
 59567 | Vaults:5 | Identified the +8 chain mail "Mumo" {+Blink rPois rF+
                  | Stlth-}
 59590 | Vaults:5 | Reached skill level 18 in Necromancy
 59800 | Vaults:5 | Noticed an ancient lich
 59813 | Vaults:5 | Killed an ancient lich
 60108 | Vaults:5 | Reached skill level 19 in Necromancy
 60205 | Vaults:5 | Lost mutation: Your system is resistant to poisons. (rPois)
                  | [evolution]
 60218 | Vaults:5 | Identified the cursed +1 flail "Oromish" {flame, *Slow rN++
                  | Int+2 SInv} (You found it on level 5 of the Vaults)
 60270 | Vaults:5 | Identified the +1 ring mail of Yse Omec {rF+}
 60359 | Vaults:5 | Killed an ancient lich
 60387 | Vaults:5 | Reached skill level 20 in Necromancy
 60613 | Vaults:5 | Got a silver rune of Zot
 61300 | Zot:1    | Entered Level 1 of the Realm of Zot
 61351 | Zot:1    | Reached skill level 21 in Necromancy
 61996 | Zot:1    | Reached skill level 1 in Transmutations
 62059 | Zot:1    | Reached XP level 27. HP: 237/252 MP: 28/36
 62257 | Zot:2    | Reached skill level 5 in Transmutations
 62413 | Zot:2    | You fall into a shaft and drop 2 floors!
 63837 | Zot:3    | Reached skill level 10 in Transmutations
 65383 | Zot:3    | Paralysed by you for 5 turns
 65410 | Zot:3    | Paralysed by you for 2 turns
 65646 | Zot:3    | Lost mutation: You rapidly evolve. [decline of evolution]
 65815 | Zot:4    | Found a runed translucent gate.
 65815 | Zot:4    | Found a runed translucent gate.
 65830 | Zot:4    | Found a runed translucent gate.
 65831 | Zot:4    | Noticed Snikeer's ghost (legendary DDFi)
 65858 | Zot:4    | Killed Snikeer's ghost
 65936 | Zot:4    | Reached skill level 10 in Spellcasting
 66791 | Tomb:1   | Entered Level 1 of the Tomb of the Ancients
 67068 | Tomb:1   | Noticed a greater mummy
 67084 | Tomb:1   | Killed a greater mummy
 67084 | Tomb:1   | Reached skill level 22 in Necromancy
 67155 | Tomb:1   | Identified the +5 longbow of the Purple Skies {flame, rElec
                  | rC- Int+4 Dex+6}
 67172 | Tomb:1   | Noticed a greater mummy
 67182 | Tomb:1   | Killed a greater mummy
 67246 | Tomb:1   | Noticed a greater mummy
 67254 | Tomb:1   | Killed a greater mummy
 67562 | Tomb:2   | Noticed a greater mummy
 67562 | Tomb:2   | Noticed a greater mummy
 67563 | Tomb:2   | Noticed a greater mummy
 67577 | Tomb:2   | Noticed a greater mummy
 67595 | Tomb:2   | Killed a greater mummy
 67607 | Tomb:2   | Killed a greater mummy
 67634 | Tomb:2   | Slain by a phantasmal warrior

Illustrated notes

Levels and vault maps discovered:
D:1:      elethiomel_arrival_shortcut, layout_basic
D:2:      layout_basic, lemuel_round_altar
D:3:      layout_loops_ring, vehumet_crystals, uniq_terence, uniq_natasha,
          uniq_sigmund, uniq_robin
D:4:      layout_cave_pools, lemuel_doored_altar, nicolae_tso_besieged_by_evil,
          kennysheep_slug_shrine, lemuel_crystal_altar, serial_shops,
          shop_fountains, gammafunk_ghost_abyssal_escape
D:5:      layout_loops_corners, minmay_temple_entry_waves, basic_altar,
          gammafunk_ghost_nasty_kobolds
D:6:      layout_gridville, old_standard_altar, kennysheep_mini,
          trog_eyes_of_draining, lemuel_coloured_pillars_altar,
          portal_sewer_entry_d, uniq_blork_the_orc
D:7:      layout_cave_pools, fedhas_altar_4, serial_shops,
          nicolae_shop_statue_plus, uniq_duvessa, uniq_pikel
D:8:      layout_basic, nicolae_overflow_hidden_temple,
          eat_drink_and_be_merry_uskayaw, david_lair_shrubbed, basic_altar
D:9:      layout_roguey, minmay_orc_entry_guard_dogs, basic_altar
D:10:     layout_rooms, uniq_sonja
D:11:     layout_cave_pods, serial_shops, nicolae_shop_behind_doors,
          biasface_ghost_orc_armoury
D:12:     layout_basic, chequers_decorated_corner, palyth_stone_intersect,
          uniq_urug
D:13:     layout_cave_pools, serial_ice, serial_ice_e, serial_ice_c,
          serial_ice_b, serial_ice_n, serial_ice_o, serial_ice_i,
          portal_ice_cave_rime, serial_shops, nicolae_shop_trees
D:14:     layout_loops_ring, erik_vaults_1, minmay_fire_ice_demons, uniq_azrael,
          uniq_agnes
D:15:     hangedman_depths_entry_civil_slaughter, layout_basic,
          kennysheep_crisscross
Temple:   chequers_temple_sunken
Lair:1:   layout_chaotic_city, lightli_volcano_entry_magma_tube, basic_altar
Lair:2:   layout_gridlike, dummy_spider_entry
Lair:3:   layout_hall_layers, minmay_swamp_entry_reptiles
Lair:4:   layout_loops_ring
Lair:5:   layout_misc_corridors, dpeg_slime_entry_corner
Lair:6:   due_jungle_book, layout_misc_corridors, maelrawn_ghost_gauntlet_escape
Swamp:1:  layout_basic_swamp, evilmike_swamp_ruin_house_5
Swamp:2:  layout_basic_swamp, basic_altar, swamp_pool1
Swamp:3:  layout_basic_swamp, serial_swamp_ruin, evilmike_swamp_ruin_rubble_2,
          evilmike_swamp_ruin_house_1
Swamp:4:  swamp_fiery, layout_basic_swamp, uniq_nikola, uniq_mara, uniq_donald
Spider:1: spiders_nest_scorpion_pit, uniq_asterion
Spider:2: layout_chambers, uniq_aizul, uniq_louise
Spider:3: layout_spider_delve
Spider:4: grunt_spider_rune_circles
Slime:1:  layout_caves
Slime:2:  layout_caves
Slime:3:  layout_caves
Slime:4:  layout_caves
Slime:5
Orc:1:    layout_diamond_mine, serial_shops, shop, guppyfry_orc_lava_fort
Orc:2:    grunt_orc_cross, layout_caves, serial_shops,
          nicolae_shop_overgrown_old_shop
Elf:1:    layout_onion_city, elves_outpost_lemuel
Elf:2:    layout_geoelf_octagon, serial_shops, nicolae_shop_trees,
          minmay_shop_grove, uniq_saint_roka
Elf:3:    minmay_elf_hall_quartered_circle, layout_gridlike, special_room
          [special_room_orc], eino_tiny_chamber, serial_sigils_hangedman_etch
Vaults:1: v_misc_5, v_pattern_4, hangedman_vaults_corner_blocks,
          hangedman_vaults_corner_blocks, vaults_room_grunt_arrival_ludios,
          dpeg_vaults_monster_box, grunt_vaults_swirl, nicolae_vaults_alarming,
          layout_vaults_big_room, basic_altar
Vaults:2: ontoclasm_vaults_idyll, vaults_room_pools,
          minmay_crypt_entry_simple_plaza, vaults_room_fancy_cross, v_misc_8,
          vaults_mumra_lcd, ontoclasm_vaults_chip, layout_vaults_omnigrid
Vaults:3: v_misc_8, ontoclasm_vaults_ring_large, nicolae_vaults_big_ls,
          hangedman_vaults_stitches, hangedman_vaults_restitches,
          nicolae_vaults_circle_grid_b, nicolae_vaults_circle_grid_a,
          vaults_room_hallway, grunt_vaults_twisty,
          nicolae_vaults_little_squares_4, nicolae_vaults_what_the_h,
          grunt_vaults_funnel, layout_vaults_maze
Vaults:4: hangedman_vaults_cutoff, v_misc_23, vaults_room_large_hall,
          hangedman_vaults_stagger, v_rooms_5, v_pattern_1, vaults_room_pools,
          st_smaller_cells, v_misc_12, v_misc_18, vaults_room_pools,
          nicolae_vaults_little_squares_3, layout_vaults_ring
Vaults:5: serial_shops
Crypt:1:  layout_catacombs, serial_glass, glass_columns_a, glass_columns_a,
          glass_columns_c, glass_columns_c, glass_columns_a, glass_columns_a,
          minmay_misc_feat_columns
Crypt:2:  layout_regular_city, roderic_lattice_octagonal_star,
          grunt_megastairs_2
Crypt:3:  grunt_crypt_end_deaths_head
Tomb:1
Tomb:2
Depths:1: layout_basic, grunt_hell_entry_demonic_statue,
          hangedman_decor_peaks_small, hangedman_stitches_earthworm
Depths:2: hangedman_crystal_crosses_colossus [crystal_crosses_arms_four,
          crystal_crosses_arms_four, crystal_crosses_arms_two,
          crystal_crosses_arms_two], hell_entry
Depths:3: kennysheep_four_of_diamonds, layout_basic, kennysheep_big_empty_room,
          grunt_pan_entry_zigzag, abyss_entry_glasseish,
          grunt_hell_entry_dis_grunt, minmay_misc_feat_tiny
Depths:4: minmay_polygon_palace, layout_cave_shapes, abyss_entry,
          hangedman_tar_grid_catacomb, rand_demon_pan_entry_5,
          evilmike_ruin_ashenzari, roderic_serpentine_path, uniq_enchantress
Depths:5: evilmike_zot_entry_argh, layout_small_grid, enter_ziggurat_a,
          serial_shops, nicolae_shop_statue_plus, hangedman_coc_ice_floe,
          hangedman_decor_riveting, minmay_microvault
Zot:1:    layout_misc_corridors
Zot:2:    layout_gridville
Zot:3:    gammafunk_mikee_crab_dinner, layout_basic, st_large_dragon_hoard_3
Zot:4:    layout_cathedral_of_symmetry, gammafunk_ghost_necromancy

Skill      XL: |  1  2  3  4  5  6  7  8  9 10 11 12 13 14 15 16 17 18 19 20 21 22 23 24 25 26 27 |
---------------+----------------------------------------------------------------------------------+-----
Axes           | 3 4 5 7 8 9 10 11 12 13 14 15 16 | 16.4
Maces & Flails | 3 8 11 13 | 13.0
Invocations    | 2 4 5 7 8 10 | 10.0
Shields        | 2 4 6 8 9 10 11 12 13 15 | 15.0
Armour         | 1 3 4 5 6 8 9 10 11 12 13 14 15 | 15.0
Dodging        | 2 3 4 6 7 8 9 10 11 12 13 14 15 | 15.1
Evocations     | 1 3 4 6 7 9 10 11 12 | 12.0
Fighting       | 5 6 7 8 10 11 12 13 14 15 16 17 18 | 18.7
Throwing       | 1 3 5 |  5.0
Necromancy     | 3 10 17 21 22 | 22.2
Spellcasting   | 2 9 11 | 11.3
Earth Magic    | 4 |  4.0
Transmutations | 1 13 | 13.4
Stealth        | |  3.3

Action                   |  1- 3 |  4- 6 |  7- 9 | 10-12 | 13-15 | 16-18 | 19-21 | 22-24 | 25-27 || total
-------------------------+-------+-------+-------+-------+-------+-------+-------+-------+-------++-------
Melee: Hand axe          |     9 |   174 |   113 |       |       |       |       |       |       ||   296
       Tailslap          |     1 |    14 |    32 |    64 |   228 |   250 |   271 |   405 |   266 ||  1531
       Flail             |       |       |   184 |   519 |  1131 |  1352 |  1513 |   743 |       ||  5442
       Broad axe         |       |       |       |       |       |       |       |  1062 |  1244 ||  2306
       Headbutt          |       |       |       |       |       |       |       |    99 |   338 ||   437
Throw: Dart              |     9 |     8 |       |       |       |       |       |       |       ||    17
       Boomerang         |       |       |       |       |     2 |       |       |       |       ||     2
       Throwing net      |       |       |       |       |       |       |       |       |     4 ||     4
 Cast: Infestation       |       |       |       |       |       |       |       |       |    42 ||    42
       Borgnjor's Vile C |       |       |       |       |       |       |       |       |     9 ||     9
       Necromutation     |       |       |       |       |       |       |       |       |     8 ||     8
Invok: Finesse           |       |       |       |     1 |     4 |     8 |     9 |     9 |       ||    31
       Heroism           |       |       |       |       |     3 |     4 |     5 |     6 |       ||    18
       Grand Finale      |       |       |       |       |       |       |       |     3 |    11 ||    14
       Stomp             |       |       |       |       |       |       |       |     2 |       ||     2
       Line Pass         |       |       |       |       |       |       |       |     1 |     6 ||     7
 Abil: Rolling Charge    |     2 |    14 |    49 |    89 |   197 |   245 |   236 |   217 |   132 ||  1181
       Evoke Blink       |       |       |     1 |       |     4 |     1 |     1 |     1 |       ||     8
       Evoke Flight      |       |       |       |     1 |     4 |       |       |       |       ||     5
       End Transformatio |       |       |       |       |       |       |       |       |     1 ||     1
Evoke: Wand              |     6 |    14 |     4 |    10 |    11 |    69 |    31 |    15 |    26 ||   186
       Phial of floods   |       |       |       |       |       |     3 |       |     1 |       ||     4
       Tin of tremorston |       |       |       |       |       |     1 |       |     2 |     1 ||     4
       Condenser vane    |       |       |       |       |       |     2 |     2 |     1 |     3 ||     8
       Box of beasts     |       |       |       |       |       |       |     1 |     2 |     2 ||     5
  Use: Scroll            |     1 |     6 |    10 |     8 |    10 |    18 |    20 |    10 |    17 ||   100
       Potion            |       |       |     3 |     4 |     4 |     6 |    11 |     8 |    14 ||    50
 Stab: Sleeping          |       |       |       |     1 |     1 |     1 |     1 |     2 |       ||     6
       Fleeing           |       |       |       |       |     1 |       |       |       |       ||     1
       Distracted        |       |       |       |       |     1 |     1 |     1 |     2 |     8 ||    13
       Paralysed         |       |       |       |       |       |    10 |    13 |   105 |   248 ||   376
       Confused          |       |       |       |       |       |     1 |       |     1 |     1 ||     3
       Petrified         |       |       |       |       |       |       |       |       |     2 ||     2
       Held in net/web   |       |       |       |       |       |       |       |       |     1 ||     1
       Petrifying        |       |       |       |       |       |       |       |       |     1 ||     1
Armor: Leather armour    |     1 |     8 |       |       |    39 |       |       |       |       ||    48
       Scale mail        |       |    64 |   127 |       |       |       |       |   209 |   125 ||   525
       Ring mail         |       |       |     8 |   106 |       |       |       |       |       ||   114
       Chain mail        |       |       |       |   117 |    77 |       |       |       |       ||   194
       Robe              |       |       |       |       |   104 |   433 |   250 |   213 |       ||  1000
       Storm dragon scal |       |       |       |       |       |       |    55 |       |       ||    55
       Skin              |       |       |       |       |       |       |    41 |       |       ||    41
       Acid dragon scale |       |       |       |       |       |       |       |       |   291 ||   291
Dodge: Dodged            |     1 |    60 |    75 |   110 |   244 |   575 |   405 |   527 |   335 ||  2332
       Repelled          |       |       |       |       |       |       |       |       |    18 ||    18
Block: Kite shield       |       |       |    27 |   216 |   451 |   734 |   695 |   337 |       ||  2460
       Reflection        |       |       |       |       |       |    10 |    43 |     3 |       ||    56
       Tower shield      |       |       |       |       |       |       |       |   877 |  1176 ||  2053

Table legend: (Time is in decaauts)
 A = Elapsed time spent in this place.
 B = Non-inter-level travel time spent in this place.
 C = Inter-level travel time spent in this place.
 D = Time resting spent in this place.
 E = Time spent auto-exploring this place.
 F = Levels seen in this place.
 G = Mean time per level.
                   A        B        C        D        E       F      G
               +--------+--------+--------+--------+--------+-----+--------+
         Total |  66251 |  58366 |   7885 |  14836 |  27059 |  66 | 1003.8 |
       Dungeon |  14779 |  12048 |   2731 |   2030 |   7213 |  15 |  985.3 |
        Temple |     62 |     50 |     12 |      0 |      0 |   1 |   62.0 |
          Lair |   7136 |   6419 |    717 |   2249 |   3002 |   6 | 1189.3 |
         Swamp |   3779 |   3335 |    444 |    869 |   1643 |   4 |  944.8 |
   Spider Nest |   5863 |   5363 |    500 |   1874 |   1958 |   4 | 1465.8 |
    Slime Pits |    847 |    824 |     23 |    391 |     27 |   5 |  169.4 |
  Orcish Mines |   1890 |   1492 |    398 |    316 |    647 |   2 |  945.0 |
   Elven Halls |   3689 |   3245 |    444 |    300 |   1857 |   3 | 1229.7 |
        Vaults |   8260 |   6908 |   1352 |   1514 |   3460 |   5 | 1652.0 |
         Crypt |   3192 |   2859 |    333 |    453 |   1268 |   3 | 1064.0 |
          Tomb |    836 |    737 |     99 |      0 |    358 |   2 |  418.0 |
        Depths |   8009 |   7405 |    604 |   2534 |   3083 |   5 | 1601.8 |
           Zot |   4876 |   4654 |    222 |   1555 |   1960 |   4 | 1219.0 |
         Abyss |   1225 |   1225 |      0 |    124 |    112 |   4 |  306.2 |
         Sewer |    253 |    253 |      0 |      5 |    122 |   1 |  253.0 |
      Ice Cave |    791 |    791 |      0 |    130 |    341 |   1 |  791.0 |
       Volcano |    755 |    755 |      0 |    488 |      5 |   1 |  755.0 |
               +--------+--------+--------+--------+--------+-----+--------+

Top non-repeatable levels by time:
   Zot:3: 2411 daAuts
Spider:2: 2239 daAuts
  Lair:6: 2118 daAuts
Depths:1: 2033 daAuts
Vaults:2: 2021 daAuts
Vaults:4: 2004 daAuts
Depths:3: 1944 daAuts
Depths:5: 1546 daAuts
Vaults:1: 1527 daAuts
Spider:1: 1489 daAuts
    D:14: 1483 daAuts
Vaults:5: 1451 daAuts
 Crypt:3: 1433 daAuts
   Elf:2: 1385 daAuts
     D:5: 1377 daAuts
